Map: Dusty Gorge

Players

KingBongru

  • Race: Zerg Zerg
  • League: Platinum
  • Spawn Location: 9:00

Traveller

  • Race: Protoss Protoss
  • League: Gold
  • Spawn Location: 11:00

ILIEKEGGPIE

  • Race: Protoss Protoss
  • Spawn Location: 5:00

BizMac

  • Race: Zerg Zerg
  • Spawn Location: 3:00

VOD

Have the link to the VOD?

Description

Time

  • Played on: April 3, 2018, 11:52 a.m.
  • Length: 14:11
Show
View Real Time Build Order
Export as new Build Order

KingBongru Zerg 

Build Orders: Pool First 

Get SALT Encoding   

  12  0:02  Drone  
  13  0:10  Drone  
  14  0:29  Spawning Pool  
  14  0:31  Drone  
  14  0:40  Extractor  
  13  0:43  Drone, Extractor  
  13  0:44  Drone  
  15  0:51  Overlord  
  15  1:16  Zergling x4  
  15  1:17  Zergling x2  
  18  1:30  Zergling x2  
  18  1:31  Queen  
  21  1:40  Zergling x2  
  22  1:49  Overlord  
  22  1:51  Metabolic Boost  
  22  2:15  Zergling x4  
  23  2:39  Zergling x2  
  23  2:40  Zergling x2  
  21  2:55  Hatchery  
  19  3:15  Zergling x6  
  19  3:16  Drone x2, Zergling x2  
  19  3:19  Lair  
  25  3:45  Drone  
  25  3:46  Drone, Roach Warren  
  26  3:51  Drone x3  
  29  3:59  Zergling x2  
  30  4:07  Drone  
  31  4:10  Drone  
  32  4:21  Drone  
  32  4:22  Drone  
  34  4:24  Extractor  
  34  4:25  Drone  
  34  4:35  Roach  
  36  4:41  Overlord  
  36  4:44  Hatchery  
  35  4:51  Drone  
  36  4:59  Queen  
  38  5:02  Roach x2  
  38  5:03  Roach  
  43  5:34  Overlord  
  43  5:35  Overlord  
  43  5:53  Overlord x2  
  43  5:55  Roach x3  
  43  5:56  Roach x4  
  57  5:57  Glial Reconstitution  
  57  6:12  Drone  
  57  6:13  Drone x2  
  57  6:14  Drone x2  
  60  6:37  Roach x2  
  60  6:38  Roach x3  
  71  6:40  Drone x3  
  71  6:46  Drone  
  74  7:00  Evolution Chamber  
  73  7:01  Drone  
  73  7:03  Evolution Chamber, Overlord x2, Drone  
  73  7:04  Overlord x2  
  74  7:12  Extractor  
  73  7:16  Extractor  
  73  7:21  Hatchery  
  71  7:23  Drone x2  
  71  7:25  Drone  
  74  7:33  Drone  
  74  7:36  Drone  
  77  7:37  Drone  
  54  8:01  Roach  
  54  8:02  Roach x6  
  54  8:03  Roach x2  
  64  8:15  Roach  
  64  8:16  Roach x2  
  68  8:36  Roach  
  68  8:37  Roach x2  
  68  8:38  Zergling x10  
  79  8:42  Extractor  
  79  8:44  Extractor  
  79  8:47  Drone  
  78  8:49  Drone x2  
  76  9:04  Roach x4  
  84  9:10  Drone  
  84  9:13  Drone  
  86  9:18  Drone  
  86  9:19  Queen  
  89  9:27  Queen  
  88  9:41  Roach  
  88  9:42  Roach x6  
  88  9:43  Roach  
  104  9:47  Zerg Missile Weapons Level 1  
  104  9:53  Drone x2  
  106  10:13  Overseer  
  106  10:20  Infestation Pit  
  105  10:26  Zerg Ground Armor Level 1, Spire  
  104  10:30  Overlord x2  
  104  10:31  Overlord  
  104  10:32  Overlord  
  104  10:57  Zergling x6  
  104  10:58  Zergling x14  
  104  10:59  Zergling x4  
  104  11:02  Hive  
  112  11:46  Drone x5  
  108  12:03  Corruptor x3  
  108  12:04  Corruptor x5  
  108  12:07  Overlord  
  108  12:08  Overlord x3  
  121  12:25  Hatchery  
  121  12:29  Drone x4  
  124  12:34  Greater Spire  
  124  12:51  Drone x2  
  124  12:52  Overlord x2, Drone  
  111  13:52  Roach  
Show
View Real Time Build Order
Export as new Build Order

Traveller Protoss 

Build Orders: 1 Gate Expand, Oracle Opening 

Get SALT Encoding   

  12  0:01  Probe (Chrono Boost)  
  13  0:11  Probe (Chrono Boost)  
  14  0:16  Probe  
  15  0:23  Pylon  
  15  0:41  Gateway, Probe  
  16  0:50  Assimilator  
  16  0:53  Probe  
  17  1:05  Probe (Chrono Boost)  
  18  1:17  Probe (Chrono Boost)  
  19  1:23  Probe (Chrono Boost)  
  20  1:30  Nexus  
  20  1:34  Probe  
  21  1:47  Assimilator  
  21  1:49  Probe  
  22  2:08  Pylon  
  22  2:10  Probe  
  23  2:21  Pylon  
  23  2:22  Cybernetics Core  
  23  2:27  Probe (Chrono Boost)  
  24  2:39  Probe (Chrono Boost)  
  25  2:48  Probe (Chrono Boost), Pylon  
  25  2:49  Probe (Chrono Boost)  
  27  2:53  Probe (Chrono Boost)  
  27  2:58  Stargate  
  28  3:00  Probe (Chrono Boost)  
  30  3:05  Probe (Chrono Boost)  
  30  3:11  Probe (Chrono Boost)  
  30  3:12  Probe (Chrono Boost)  
  32  3:15  Probe (Chrono Boost)  
  33  3:20  Probe  
  33  3:22  Assimilator  
  33  3:26  Probe  
  35  3:29  Shield Battery  
  35  3:32  Stalker, Probe  
  38  3:38  Probe  
  39  3:42  Pylon  
  39  3:44  Probe  
  39  3:48  Oracle (Chrono Boost)  
  43  3:50  Probe  
  44  3:56  Probe  
  45  4:05  Probe  
  45  4:08  Assimilator  
  46  4:20  Oracle (Chrono Boost)  
  49  4:25  Forge  
  49  4:30  Stargate  
  49  4:35  Shield Battery  
  49  4:40  Probe x2  
  51  4:50  Stalker  
  51  4:52  Probe  
  57  4:58  Void Ray  
  58  5:03  Stargate  
  58  5:07  Photon Cannon  
  58  5:11  Photon Cannon  
  58  5:17  Robotics Facility  
  58  5:54  Void Ray x3  
  70  6:13  Pylon x2  
  70  6:15  Pylon  
  70  6:16  Pylon  
  70  6:18  Pylon  
  70  6:29  Observer  
  69  6:56  Void Ray  
  69  6:57  Void Ray x2  
  69  7:00  Nexus  
  81  7:03  Pylon  
  81  7:06  Pylon  
  81  7:09  Protoss Shields Level 1, Assimilator  
  81  7:14  Assimilator, Protoss Air Weapons Level 1  
  81  7:17  Pylon  
  81  7:27  Cybernetics Core  
  81  7:32  Fleet Beacon  
  81  7:35  Pylon  
  81  7:37  Pylon  
  81  7:38  Pylon  
  81  7:39  Pylon  
  81  7:42  Twilight Council  
  73  8:32  Void Ray x2  
  73  8:33  Void Ray  
  77  9:07  Protoss Shields Level 2  
  77  9:11  Protoss Air Armor Level 1  
  77  9:12  Protoss Air Weapons Level 2  
  77  9:18  Gateway x2  
  77  9:20  Gateway  
  77  9:22  Gateway x2  
  77  9:25  Gateway  
  77  9:26  Gateway  
  77  9:27  Charge  
  77  9:28  Pylon  
  77  9:52  Probe x3  
  80  10:04  Probe x3  
  83  10:16  Photon Cannon x2  
  83  10:17  Probe x2 (Chrono Boost)  
  83  10:18  Photon Cannon  
  85  10:24  Shield Battery, Probe (Chrono Boost)  
  85  10:25  Shield Battery  
  85  10:27  Shield Battery  
  86  10:32  Shield Battery, Cybernetics Core  
  86  10:34  Probe x3 (Chrono Boost)  
  89  10:36  Carrier x2  
  89  10:39  Probe (Chrono Boost)  
  89  10:40  Void Ray, Probe x2  
  107  11:06  Warp Gate  
  107  11:14  Protoss Air Armor Level 2  
  107  11:22  Anion Pulse-Crystals  
  107  11:26  Protoss Shields Level 3  
  107  11:31  Carrier  
  113  11:36  Mothership (Chrono Boost)  
  121  12:07  Carrier x2  
  133  12:27  Graviton Catapult  
Show
View Real Time Build Order
Export as new Build Order

ILIEKEGGPIE Protoss 

Build Orders:  

Get SALT Encoding   

  12  0:00  Probe  
  13  0:17  Pylon  
  13  0:18  Probe  
  14  0:30  Probe  
  15  0:36  Gateway  
  15  0:43  Probe  
  16  0:51  Assimilator  
  16  0:55  Probe  
  17  1:07  Probe  
  17  1:08  Gateway  
  18  1:19  Probe  
  18  1:24  Zealot  
  21  1:33  Probe  
  22  1:41  Cybernetics Core  
  22  1:45  Probe  
  23  1:50  Pylon  
  23  1:59  Probe  
  23  2:02  Assimilator  
  23  2:11  Probe  
  24  2:18  Warp Gate (Chrono Boost)  
  24  2:19  Stalker x2  
  28  2:52  Stalker  
  30  3:09  Probe  
  31  3:16  Robotics Facility  
  31  3:22  Pylon  
  31  3:40  Stalker, Zealot  
  35  3:53  Nexus  
  35  4:06  Immortal (Chrono Boost)  
  39  4:31  Pylon  
  39  4:35  Pylon  
  39  4:49  Probe  
  39  4:50  Assimilator  
  40  4:53  Stalker x2, Assimilator  
  44  5:01  Probe  
  45  5:10  Forge  
  45  5:13  Probe x2  
  47  5:21  Forge  
  47  5:25  Forge  
  47  5:33  Stalker  
  49  5:48  Protoss Ground Weapons Level 1 (Chrono Boost)  
  49  5:53  Stalker  
  51  6:00  Protoss Ground Armor Level 1 (Chrono Boost)  
  51  6:09  Pylon  
  51  6:17  Robotics Bay  
  51  6:21  Probe  
  51  6:25  Observer  
  53  6:38  Stalker x2  
  50  6:58  Photon Cannon  
  51  7:27  Probe (Chrono Boost)  
  41  8:02  Stalker x2  
  30  8:07  Probe  
  30  8:12  Extended Thermal Lance (Chrono Boost)  
  31  8:31  Gateway x2  
  31  8:40  Probe (Chrono Boost)  
  32  8:50  Probe (Chrono Boost)  
  32  8:51  Stalker  
  32  8:53  Sentry  
  32  8:54  Probe (Chrono Boost)  
  38  9:06  Probe (Chrono Boost)  
  38  9:07  Observer (Chrono Boost)  
  40  9:13  Probe (Chrono Boost)  
  42  9:18  Probe (Chrono Boost)  
  42  9:19  Colossus (Chrono Boost)  
  42  9:22  Probe (Chrono Boost)  
  49  9:24  Probe (Chrono Boost)  
  49  9:27  Probe (Chrono Boost)  
  49  9:31  Stalker  
  53  9:32  Probe  
  53  9:33  Sentry  
  56  9:39  Probe  
  56  9:45  Probe  
  58  9:51  Probe  
  59  9:57  Stalker x3, Probe  
  66  10:03  Probe, Disruptor (Chrono Boost)  
  70  10:26  Nexus  
  70  10:34  Pylon  
  70  10:36  Disruptor  
  70  10:41  Probe (Chrono Boost)  
  75  10:46  Probe (Chrono Boost)  
  76  10:50  Probe (Chrono Boost)  
  76  10:54  Probe (Chrono Boost)  
  76  10:55  Probe (Chrono Boost), Pylon  
  77  10:59  Pylon  
  78  11:05  Probe  
  78  11:07  Assimilator, Probe  
  78  11:09  Stalker x3  
  86  11:14  Assimilator  
  86  11:24  Pylon  
  86  11:53  Immortal  
  90  11:56  Probe (Chrono Boost)  
  93  12:02  Probe x2 (Chrono Boost)  
  93  12:06  Probe (Chrono Boost)  
  94  12:10  Probe x2 (Chrono Boost)  
  94  12:11  Probe (Chrono Boost)  
  97  12:19  Stalker x4  
  97  12:20  Probe  
  106  12:25  Twilight Council  
  106  12:28  Probe x2  
  108  12:32  Probe  
  109  12:38  Pylon  
  109  12:40  Probe x2  
  111  13:19  Stalker x4  
  119  13:34  Observer  
  119  13:35  Gateway  
  63  14:03  Stalker x4  
Show
View Real Time Build Order
Export as new Build Order

BizMac Zerg 

Build Orders: Pool First 

Get SALT Encoding   

  12  0:03  Drone  
  13  0:11  Drone  
  14  0:17  Overlord  
  14  0:35  Drone  
  14  0:36  Drone x2  
  17  0:45  Extractor  
  17  0:48  Spawning Pool  
  15  0:52  Drone  
  16  0:58  Drone  
  17  1:13  Drone  
  18  1:36  Overlord  
  18  1:37  Queen, Zergling x2  
  21  1:42  Zergling x2  
  22  1:51  Metabolic Boost  
  23  1:54  Drone  
  22  2:17  Zergling x4  
  24  2:31  Hatchery  
  22  2:48  Zergling x6  
  25  2:52  Drone x3  
  28  3:13  Lair  
  28  3:23  Drone x2  
  28  3:25  Overlord x2, Extractor  
  28  3:47  Drone x3  
  31  3:52  Drone  
  31  3:53  Queen  
  34  3:57  Drone x2  
  34  3:58  Drone  
  37  4:03  Baneling Nest  
  36  4:12  Hydralisk Den  
  36  4:14  Drone  
  36  4:19  Evolution Chamber  
  35  4:27  Drone x3  
  38  4:46  Hydralisk  
  38  4:47  Hydralisk x4  
  48  5:02  Extractor  
  48  5:03  Drone x2, Extractor  
  48  5:04  Overlord x2  
  48  5:05  Drone x3  
  51  5:18  Grooved Spines  
  51  5:23  Evolution Chamber  
  51  5:24  Drone  
  49  5:34  Drone x4  
  51  5:53  Drone x4, Roach Warren  
  54  6:03  Drone x4  
  58  6:10  Hydralisk x2  
  62  6:13  Zerg Missile Weapons Level 1  
  62  6:15  Zerg Ground Armor Level 1  
  62  6:20  Drone  
  63  6:29  Muscular Augments  
  60  6:37  Overlord  
  60  6:38  Overlord  
  60  6:39  Hydralisk x2  
  60  6:41  Roach  
  60  6:42  Overlord x2  
  60  6:45  Glial Reconstitution  
  66  6:57  Spore Crawler  
  66  6:59  Spore Crawler  
  64  7:14  Roach  
  64  7:15  Roach x3  
  72  7:20  Hatchery  
  71  7:33  Roach, Hydralisk x4  
  77  8:04  Hydralisk x8  
  87  8:12  Hydralisk x2  
  85  8:27  Hydralisk x3  
  91  9:01  Drone x9  
  91  9:02  Drone  
  101  9:11  Zerg Ground Armor Level 2, Zerg Missile Weapons Level 2  
  101  9:16  Queen  
  103  9:34  Extractor  
  103  9:35  Extractor  
  103  9:37  Roach x4  
  105  9:41  Overlord x2  
  105  9:47  Spore Crawler  
  104  10:12  Overseer x2  
  104  10:16  Overlord, Hydralisk  
  104  10:17  Hydralisk x8  
  122  10:22  Overlord  
  122  10:33  Spine Crawler  
  122  10:35  Drone x6, Spine Crawler  
  126  11:08  Spore Crawler  
  126  11:09  Spore Crawler  
  124  11:12  Drone x5  
  124  11:13  Spore Crawler  
  128  11:23  Roach  
  130  11:25  Overlord  
  130  11:26  Overlord x3  
  130  11:46  Roach  
  130  11:47  Roach x6  
  144  12:21  Infestation Pit  
  143  12:30  Drone x3  
  143  12:31  Drone  
  143  12:34  Overlord x3  
  143  12:36  Roach x4  
  143  12:37  Roach x3  
  143  13:27  Hydralisk  
  143  13:28  Hydralisk x4  
  143  13:29  Roach  
  143  13:30  Roach x4, Hydralisk x2  
Tags
 
Add a new tag
Caveats
  • Supply blocks, unpowered buildings, or Contaminate may cause inaccurate times.
  • Supply counts are checked every 10 seconds.